 Dungeon Crawl Stone Soup version 0.31-a0-1388-g4b2ba238e7 (webtiles) character file.

Game seed: 3099775610783637640

1246 Ofeo the Trooper (level 8, 0/87 HPs)
             Began as an Oni Gladiator on Dec 24, 2023.
             Shot with an arrow by a centaur (13 damage)
             ... on level 6 of the Dungeon.
             The game lasted 00:08:52 (5176 turns).

Ofeo the Trooper (Oni Gladiator)                    Turns: 5176, Time: 00:08:53

Health: 0/87       AC: -7    Str: 19    XL:     8   Next: 50%
Magic:  17/17      EV: 11    Int:  9    God:
Gold:   218        SH:  0    Dex: 12    Spells: 7/7 levels left

rFire   . . .        e - +4 hand axe (elec)
rCold   . . .        (no shield)
rNeg    . . .        b - +0 robe
rPois   .            c - +0 hat
rElec   .            r - +1 cloak
rCorr   .            (gloves unavailable)
SInv    .            (boots unavailable)
Will    .....        (no amulet)
Stlth   +            f - ring of magical power
HPRegen 0.34/turn    n - ring of flight
MPRegen 0.15/turn

%: no passive effects
@: corroded, flying
A: large, unfitting armour, horns 1, tough skin 1, double potion healing,
drunken brawling
a: no special abilities


You were on level 6 of the Dungeon.
You visited 1 branch of the dungeon, and saw 6 of its levels.

You collected 218 gold pieces.

Inventory:

Hand Weapons
 a - a +0 flail
 e - a +4 hand axe of electrocution (weapon)
 t - a +0 scythe
Missiles
 d - 2 throwing nets
 g - 7 javelins (quivered)
 q - a large rock
 y - 7 poisoned darts
Armour
 b - a +0 robe (worn)
 c - a +0 hat (worn)
 r - a +1 cloak (worn)
Jewellery
 f - a ring of magical power (left hand)
 n - a ring of flight (right hand)
 o - a ring of resist corrosion
 C - an amulet of magic regeneration
Wands
 l - a wand of flame (17)
Scrolls
 i - 6 scrolls of identify {@r1}
 j - 2 scrolls of enchant weapon
 s - a scroll of torment
 B - a scroll of enchant armour
 D - a scroll of teleportation {unknown}
Potions
 h - a potion of heal wounds {@q2}
 k - 2 potions of berserk rage {unknown}
 m - a potion of might {@q4}
 p - a potion of mutation
 u - a potion of attraction {unknown}
 v - a potion of haste {unknown}
 w - a potion of enlightenment {unknown}
 x - a potion of curing {unknown}
 z - a potion of resistance {unknown}
 A - 2 potions of lignification {unknown}
 E - a potion of brilliance {unknown}


   Skills:
 + Level 7.0 Fighting
 + Level 5.7 Maces & Flails
 + Level 5.4 Throwing
 + Level 5.2 Dodging


You had 7 spell levels left.
You didn't know any spells.
Your spell library contained the following spells:

 Spells                   Type           Power      Damage    Failure   Level
 Necrotise                Necr           0%         1d4       38%         1
 Call Imp                 Summ           0%         N/A       52%         2
 Mercury Vapours          Alch/Air       0%         N/A       52%         2
 Sublimation of Blood     Necr           0%         N/A       52%         2
 Mephitic Cloud           Conj/Alch/Air  0%         N/A       77%         3
 Vampiric Draining        Necr           0%         2d6       77%         3
 Petrify                  Alch/Erth      0%         N/A       99%         4
 Agony                    Necr           0%         N/A       100%        5
 Freezing Cloud           Conj/Ice/Air   0%         6-21      100%        5
 Irradiate                Conj/Alch      0%         3d11      100%        5
 Summon Hydra             Summ           0%         N/A       100%        7


Dungeon Overview and Level Annotations

Branches:
Dungeon (6/15)
 Temple: D:4-7

Altars:
Elyvilon
Xom

Shops:
D:5 [

Annotations:
D:3 1 runed translucent door, Crazy Yiuf
D:4 3 runed translucent doors, Fodor's ghost, amateur MiFi


Innate Abilities, Weirdness & Mutations

You are too large for most types of armour.
You have a pair of small horns on your head.
You have tough skin. (AC +1)
You gain doubled healing and magic from potions.
Whenever you drink a healing potion, you attack all around you.


Message History

You hit the white imp but do no damage.
The white imp shouts, "Slither away, thou infectious fat-kidneyed pignut!"
The white imp hits you. The white imp freezes you.
Your Fighting skill increases to level 7!
You take 4 damage, and have 64/87 hp.
You hit the white imp but do no damage. The white imp hits you.
The white imp freezes you.
You take 4 damage, and have 60/87 hp.
You hit the white imp but do no damage. The white imp barely misses you.
You hit the white imp but do no damage. The white imp hits you.
The white imp freezes you.
You take 4 damage, and have 56/87 hp.
You hit the white imp but do no damage. Your headbutt misses the white imp.
The white imp gestures at you. The puff of frost hits you.
The white imp hits you. The white imp freezes you.
You take 11 damage, and have 45/87 hp.
You barely miss the white imp.
You are engulfed in a cloud of scalding steam.
A centaur comes into view.
The white imp misses you.
You take 12 damage, and have 33/87 hp.
The centaur shouts!
You hit the white imp but do no damage.
Lightning courses through the white imp!
You kill the white imp!
You are engulfed in a cloud of scalding steam.
* * * LOW HITPOINT WARNING * * *
The centaur wields a +0 orcbow.
The centaur shoots an arrow.
The arrow hits you!
* * * LOW HITPOINT WARNING * * *
You take 21 damage, and have 12/87 hp.
MASSIVE DAMAGE!!
The centaur shoots an arrow.
The arrow closely misses you.
Found a stone staircase leading down.
The centaur shoots an arrow.
The arrow closely misses you.
The centaur shoots an arrow.
The arrow closely misses you.
The centaur shoots an arrow.
The arrow barely misses you.
There is an escape hatch in the ceiling here.
The centaur shoots an arrow.
The arrow completely misses you.
The centaur shoots an arrow.
The arrow hits you!
You die...

#...≈≈.≈§..........
#..§..≈.≈..≈c.......
#..≈§.....≈≈§.......
##......_...§........
#...≈≈.....≈≈........
##...≈..≈.≈..≈........
.>.....≈≈.≈≈...#......
.............$.#......
.......@...#...#......
...........#...+ ....
...........+..$# ...
...........#...#
...........#...#
...........# ##
############


You could see a centaur.

Vanquished Creatures
  Sigmund (D:2)
  A water moccasin (D:5)
  3 phantoms
  3 howler monkeys
  A bombardier beetle (D:3)
  2 hounds
  2 jellies
  An orc priest (D:4)
  A sleepcap (D:4)
  Jessica (D:3)
  Terence (D:2)
  Natasha (thrice) (D:2)
  3 orc wizards
  4 gnolls (D:5)
  6 adders
  A white imp (D:6)
  A worm (D:3)
  3 dart slugs
  15 orcs
  9 ball pythons
  7 bats
  10 endoplasms
  5 giant cockroaches
  9 hobgoblins
  8 jackals
  12 kobolds
  7 quokkas
  6 frilled lizards
  12 goblins
  6 rats
144 creatures vanquished.

Notes
Turn   | Place    | Note
-------+----------+-------------------------------------------
     0 | D:1      | Ofeo the Oni Gladiator began the quest for the Orb.
     0 | D:1      | Reached XP level 1. HP: 22/22 MP: 1/1
    62 | D:1      | Reached XP level 2. HP: 24/29 MP: 2/2
    67 | D:1      | Reached skill level 3 in Fighting
   344 | D:1      | Reached XP level 3. HP: 25/37 MP: 3/3
   865 | D:2      | Noticed Terence
   880 | D:2      | Killed Terence
   881 | D:2      | Reached XP level 4. HP: 48/48 MP: 4/4
  1013 | D:2      | Found a shimmering altar of Xom.
  1016 | D:2      | Noticed Natasha
  1021 | D:2      | Killed Natasha
  1027 | D:2      | Noticed Natasha
  1032 | D:2      | Killed Natasha
  1033 | D:2      | Reached skill level 4 in Fighting
  1033 | D:2      | Reached XP level 5. HP: 54/54 MP: 5/5
  1065 | D:2      | Noticed Sigmund
  1089 | D:2      | Killed Sigmund
  1090 | D:2      | Reached XP level 6. HP: 37/63 MP: 6/6
  1416 | D:2      | Noticed Natasha
  1426 | D:2      | Killed Natasha
  1449 | D:2      | Reached skill level 5 in Fighting
  1529 | D:2      | Found a faded altar of an unknown god.
  1961 | D:3      | Noticed Jessica
  1971 | D:3      | Killed Jessica
  1976 | D:3      | Reached XP level 7. HP: 65/72 MP: 7/7
  3016 | D:3      | Found a runed translucent door.
  3017 | D:3      | Noticed Crazy Yiuf
  3177 | D:4      | Reached skill level 5 in Maces & Flails
  3557 | D:4      | Reached skill level 6 in Fighting
  3994 | D:4      | Found a runed translucent gate.
  3994 | D:4      | Found a runed translucent gate.
  3994 | D:4      | Found a runed translucent gate.
  3996 | D:4      | Noticed Fodor's ghost (amateur MiFi)
  4044 | D:5      | Entered Level 5 of the Dungeon
  4068 | D:5      | Reached XP level 8. HP: 5/84 MP: 8/8
  4263 | D:5      | Found Zept's Armour Shoppe.
  4342 | D:5      | Reached skill level 5 in Throwing
  4706 | D:5      | Reached skill level 5 in Dodging
  5155 | D:5      | You are sucked into a shaft and drop 1 floor!
  5155 | D:6      | Found a white marble altar of Elyvilon.
  5166 | D:6      | Reached skill level 7 in Fighting
  5176 | D:6      | Shot with an arrow by a centaur

Illustrated notes

Levels and vault maps discovered:
D:1:      lemuel_arrival_rhombus, layout_rooms
D:2:      layout_loops_cross, basic_altar, ebering_ecumenical_altar_box,
          minmay_pentomino_pile, uniq_terence, uniq_natasha, uniq_sigmund
D:3:      layout_basic, minmay_randomly_rotated_circles, uniq_jessica,
          uniq_crazy_yiuf_cottage
D:4:      layout_gridville, ebering_ghost_rock_garden
D:5:      layout_basic, serial_shops, shop
D:6:      layout_gridville, mainiacjoe_overflow_small_starburst,
          minmay_temple_entry_grid, minivault_24, serial_bayou_pond_a

Skill      XL: |  1  2  3  4  5  6  7  8 |
---------------+-------------------------+-----
Fighting       | 3 4 5 6 7 |  7.0
Dodging        | 3 4 5 |  5.2
Throwing       | 3 4 5 |  5.4
Maces & Flails | 4 5 |  5.7

Action                     |  1- 3 |  4- 6 |  7- 9 || total
---------------------------+-------+-------+-------++-------
  Melee: Flail             |    51 |       |       ||    51
         Headbutt          |    11 |     9 |    22 ||    42
         Dagger            |    41 |       |       ||    41
         Punch             |     1 |       |       ||     1
         Hand axe          |       |    80 |   175 ||   255
  Throw: Javelin           |     5 |       |     1 ||     6
         Large rock        |     1 |       |       ||     1
         Throwing net      |     1 |       |       ||     1
    Use: Scroll            |       |     9 |     2 ||    11
         Potion            |       |       |     1 ||     1
   Stab: Sleeping          |     1 |       |       ||     1
 Armour: Robe              |    66 |    44 |   139 ||   249
  Dodge: Dodged            |    45 |    45 |   112 ||   202

Table legend: (Time is in decaauts)
 A = Elapsed time spent in this place.
 B = Non-inter-level travel time spent in this place.
 C = Inter-level travel time spent in this place.
 D = Time resting spent in this place.
 E = Time spent auto-exploring this place.
 F = Levels seen in this place.
 G = Mean time per level.
                   A        B        C        D        E       F      G
               +--------+--------+--------+--------+--------+-----+--------+
         Total |   5230 |   5090 |    140 |   1053 |   2943 |   6 |  871.7 |
       Dungeon |   5230 |   5090 |    140 |   1053 |   2943 |   6 |  871.7 |
               +--------+--------+--------+--------+--------+-----+--------+

Top non-repeatable levels by time:
     D:4: 1487 daAuts
     D:3: 1238 daAuts
     D:2: 1127 daAuts
     D:1: 730 daAuts
     D:5: 625 daAuts
     D:6: 22 daAuts
